 Dungeon Crawl Stone Soup version 0.32-a0-913-g739538afd8 (webtiles) character file.

Game seed: 7876048899396392807

526 Rohain the Grasshopper (level 7, -1/47 (56) HPs)
             Began as a Gnoll Warper on Apr 9, 2024.
             Shot with an arrow by a centaur (8 damage)
             ... on level 6 of the Dungeon.
             The game lasted 00:06:31 (3497 turns).

Rohain the Grasshopper (Gnoll Warper)               Turns: 3497, Time: 00:06:32

HP:   -1/47 (56)    AC:  5    Str: 10    XL:     7   Next: 23%
MP:   13/15         EV: 17    Int: 11    God:
Gold: 200           SH:  5    Dex: 17    Spells: 12/17 levels left

rFire   . . .        a - +0 spear
rCold   . . .        p - +0 buckler
rNeg    . . .        l - +1 leather armour
rPois   .            k - +0 helmet
rElec   .            (no cloak)
rCorr   .            (no gloves)
SInv    .            (no boots)
Will    .....        (no amulet)
Stlth   ++           e - +5 ring of evasion
HPRegen 0.27/turn    (no ring)
MPRegen 0.14/turn

%: no passive effects
@: on blink cooldown, heavily drained
A: fangs 1, strong nose, distributed training, agile 1
a: no special abilities


You were on level 6 of the Dungeon.
You visited 1 branch of the dungeon, and saw 5 of its levels.

You collected 200 gold pieces.

Inventory:

Hand Weapons
 a - a +0 spear (weapon)
 b - a +2 sling of electrocution
 q - a +0 halberd
Missiles
 d - 7 darts of dispersal (quivered)
Armour
 k - a +0 helmet (worn)
 l - a +1 leather armour (worn)
 p - a +0 buckler (worn)
Jewellery
 e - a +5 ring of evasion (left hand)
Wands
 f - a wand of paralysis (8)
Scrolls
 c - a scroll of blinking
 g - 3 scrolls of identify {unknown}
 i - 2 scrolls of vulnerability {unknown}
 j - a scroll of revelation {unknown}
 n - a scroll of teleportation {unknown}
 o - a scroll of fog {unknown}
Potions
 h - a potion of curing


   Skills:
 + Level 5.2 Fighting
 + Level 2.4 Short Blades
 + Level 2.4 Long Blades
 + Level 2.4 Axes
 + Level 2.4 Maces & Flails
 + Level 5.2 Polearms
 + Level 2.4 Staves
 + Level 2.4 Ranged Weapons
 + Level 3.6 Throwing
 + Level 3.6 Armour
 + Level 5.2 Dodging
 + Level 2.4 Stealth
 + Level 2.4 Shields
 + Level 2.4 Unarmed Combat
 + Level 5.6 Spellcasting
 + Level 2.0 Conjurations
 + Level 2.0 Hexes
 + Level 2.0 Summonings
 + Level 2.0 Necromancy
 + Level 5.8 Translocations
 + Level 2.0 Fire Magic
 + Level 2.0 Ice Magic
 + Level 2.0 Air Magic
 + Level 2.0 Earth Magic
 + Level 2.0 Alchemy
 + Level 2.7 Invocations
 + Level 2.4 Evocations
 + Level 2.2 Shapeshifting


You had 12 spell levels left.
You knew the following spells:

 Your Spells              Type           Power      Damage    Failure   Level
a - Blink                 Tloc           30%        N/A       5%          2
b - Maxwell's Portable P  Tloc           15%        2d(6-18)  11%         3

Your spell library contained the following spells:

 Spells                   Type           Power      Damage    Failure   Level
 Lesser Beckoning         Tloc           30%        N/A       5%          2
 Teleport Other           Tloc           15%        N/A       11%         3
 Momentum Strike          Conj/Tloc      22%        3d8       12%         2
 Volatile Blastmotes      Fire/Tloc      22%        2d11      22%         3
 Iskenderun's Mystic Bla Conj/Tloc 11%            2d4        (+2d2     58%         4
 Vhi's Electric Charge    Tloc/Air       22%        N/A       58%         4
 Fulminant Prism          Conj/Alch      3%         3d5       86%         4


Dungeon Overview and Level Annotations

Branches:
Dungeon (4/15)
 Temple: D:4-7

Altars:

Shops:
D:2 :


Innate Abilities, Weirdness & Mutations

You have very sharp teeth.
Your uncanny sense of smell can sniff out nearby items.
Your experience applies equally to all skills.
You are agile. (Dex +4, Str/Int -1)


Message History

The sky beast closely misses you.
Found 8 stones.
The sky beast attacks as it pursues you!
The sky beast hits you. The sky beast shocks you.
The sky beast attacks as it pursues you!
The sky beast misses you.
The sky beast flickers out of sight!
Deactivating autopickup; reactivate with Ctrl-A.
Something hits you but does no damage. Something hits you but does no damage.
You see here 8 stones.
Something hits you. Something shocks you. Something hits you.
Something shocks you.
* * * LOW HITPOINT WARNING * * *
Casting: Blink (safe; 5% risk of failure)
Confirm with . or Enter, or press ? or * to list all spells.
You blink.
You hear the slow rusting of a very distant drain.
You feel ready to blink again.
A phantom comes into view.
A black bear comes into view.
The black bear moves out of view.
A centaur comes into view.
The black bear growls angrily.
Found a buckler.
The centaur shouts!
The centaur wields a +1 shortbow of flaming.
It bursts into flame!
The centaur shoots an arrow.
The arrow hits you.
* * * LOW HITPOINT WARNING * * *
The arrow burns you.
* * * LOW HITPOINT WARNING * * *
The centaur shoots an arrow.
The arrow hits you.
* * * LOW HITPOINT WARNING * * *
The arrow burns you.
* * * LOW HITPOINT WARNING * * *
Casting: Blink (safe; 5% risk of failure)
Confirm with . or Enter, or press ? or * to list all spells.
You blink.
The centaur shoots an arrow.
The arrow hits you!
You die...

#.......## .#
#........##.###.#
#...............#
#.§.c...........#
#...............#
#W##.###........#
#.##.###.......#
#.##.c.........#
########.#..[##.@.....#
#....W...#...######.###
#g########...#
#.#####.......
....W.........
.######....... ∆ ##
###....## ∆


You could see a centaur.

Vanquished Creatures
  Sigmund (D:3)
  A scorpion (D:3)
  A bombardier beetle (D:3)
  An iguana (D:3)
  Terence (D:2)
  4 orc wizards
  3 gnolls (D:4)
  2 adders (D:3)
  2 ribbon worms
  7 orcs
  6 ball pythons
  4 endoplasms
  5 giant cockroaches
  6 goblins
  4 hobgoblins
  2 jackals (D:1)
  6 quokkas
  4 bats
  6 frilled lizards
  5 kobolds
  11 rats
82 creatures vanquished.

Vanquished Creatures (others)
  An orc wizard (D:3)
1 creature vanquished.

Grand Total: 83 creatures vanquished

Notes
Turn   | Place    | Note
-------+----------+-------------------------------------------
     0 | D:1      | Rohain the Gnoll Warper began the quest for the Orb.
     0 | D:1      | Reached XP level 1. HP: 20/20 MP: 6/6
   179 | D:1      | Reached XP level 2. HP: 20/26 MP: 7/7
   200 | D:1      | Learned a level 2 spell: Blink
   381 | D:1      | Found a faded altar of an unknown god.
   420 | D:1      | Reached skill level 5 in Spellcasting
   420 | D:1      | Reached XP level 3. HP: 29/31 MP: 7/9
   773 | D:2      | Reached skill level 1 in Invocations
   902 | D:2      | Learned a level 3 spell: Maxwell's Portable Piledriver
   982 | D:2      | Found Kewk's Vocational Training.
   998 | D:2      | Reached skill level 1 in Short Blades
   998 | D:2      | Reached skill level 1 in Long Blades
   998 | D:2      | Reached skill level 1 in Axes
   998 | D:2      | Reached skill level 1 in Maces & Flails
   998 | D:2      | Reached skill level 1 in Staves
   998 | D:2      | Reached skill level 1 in Ranged Weapons
   998 | D:2      | Reached skill level 1 in Stealth
   998 | D:2      | Reached skill level 1 in Shields
   998 | D:2      | Reached skill level 1 in Unarmed Combat
   998 | D:2      | Reached skill level 1 in Evocations
  1382 | D:3      | Noticed Terence
  1415 | D:2      | Killed Terence
  1416 | D:2      | Reached skill level 1 in Shapeshifting
  1416 | D:2      | Reached XP level 4. HP: 22/38 MP: 6/11
  1586 | D:3      | Reached skill level 1 in Conjurations
  1586 | D:3      | Reached skill level 1 in Hexes
  1586 | D:3      | Reached skill level 1 in Summonings
  1586 | D:3      | Reached skill level 1 in Necromancy
  1586 | D:3      | Reached skill level 1 in Fire Magic
  1586 | D:3      | Reached skill level 1 in Ice Magic
  1586 | D:3      | Reached skill level 1 in Air Magic
  1586 | D:3      | Reached skill level 1 in Earth Magic
  1586 | D:3      | Reached skill level 1 in Alchemy
  1724 | D:3      | Noticed Sigmund
  1735 | D:3      | Killed Sigmund
  1736 | D:3      | Reached XP level 5. HP: 43/43 MP: 12/12
  1736 | D:3      | Reached XP level 6. HP: 50/50 MP: 14/14
  1791 | D:3      | Reached skill level 5 in Fighting
  1791 | D:3      | Reached skill level 5 in Polearms
  1791 | D:3      | Reached skill level 5 in Dodging
  2944 | D:3      | Reached XP level 7. HP: 56/56 MP: 11/15
  3373 | D:4      | You fall into a shaft and drop 2 floors!
  3405 | D:6      | Gained mutation: You occasionally shout uncontrollably at
                  | your foes. [potion of mutation]
  3414 | D:6      | Lost mutation: You occasionally shout uncontrollably at
                  | your foes. [potion of mutation]
  3414 | D:6      | Gained mutation: You are agile. (Dex +4, Str/Int -1)
                  | [potion of mutation]
  3497 | D:6      | Shot with an arrow by a centaur

Illustrated notes

Levels and vault maps discovered:
D:1:      reono_arrival_forest_river, layout_rooms,
          dreamdust_ecumenical_altar_angels_and_demons, minmay_surrounded
D:2:      layout_rooms, dk_noncrumbling_2, nicolae_shop_vocational
D:3:      layout_loops_corners, uniq_sigmund, uniq_terence
D:4:      layout_loops_corners, fountainhead
D:6:      layout_loops_ring, mainiacjoe_sewer_entry_somewhere_in_here_2,
          uniq_duvessa

Skill      XL: |  1  2  3  4  5  6  7 |
---------------+----------------------+-----
Spellcasting   | 5 |  5.6
Invocations    | 1 2 |  2.7
Short Blades   | 1 2 |  2.4
Long Blades    | 1 2 |  2.4
Axes           | 1 2 |  2.4
Maces & Flails | 1 2 |  2.4
Staves         | 1 2 |  2.4
Ranged Weapons | 1 2 |  2.4
Stealth        | 1 2 |  2.4
Shields        | 1 2 |  2.4
Unarmed Combat | 1 2 |  2.4
Evocations     | 1 2 |  2.4
Shapeshifting  | 1 2 |  2.2
Conjurations   | 1 2 |  2.0
Hexes          | 1 2 |  2.0
Summonings     | 1 2 |  2.0
Necromancy     | 1 2 |  2.0
Fire Magic     | 1 2 |  2.0
Ice Magic      | 1 2 |  2.0
Air Magic      | 1 2 |  2.0
Earth Magic    | 1 2 |  2.0
Alchemy        | 1 2 |  2.0
Throwing       | 3 |  3.6
Armour         | 3 |  3.6
Fighting       | 5 |  5.2
Polearms       | 5 |  5.2
Dodging        | 5 |  5.2
Translocations | |  5.8

Action                     |  1- 3 |  4- 6 |  7- 9 || total
---------------------------+-------+-------+-------++-------
  Melee: Spear             |   228 |   139 |    84 ||   451
         Bite              |    17 |    11 |     4 ||    32
   Fire: Sling             |       |    20 |     3 ||    23
   Cast: Maxwell's Portabl |     1 |     6 |     1 ||     8
         Blink             |     1 |     1 |     3 ||     5
    Use: Scroll            |     1 |       |       ||     1
         Potion            |       |     1 |     4 ||     5
   Stab: Sleeping          |     1 |       |       ||     1
 Armour: Leather armour    |    64 |    76 |    55 ||   195
  Dodge: Dodged            |   129 |    64 |    47 ||   240
  Block: Buckler           |       |       |    19 ||    19

Table legend: (Time is in decaauts)
 A = Elapsed time spent in this place.
 B = Non-inter-level travel time spent in this place.
 C = Inter-level travel time spent in this place.
 D = Time resting spent in this place.
 E = Time spent auto-exploring this place.
 F = Levels seen in this place.
 G = Mean time per level.
                   A        B        C        D        E       F      G
               +--------+--------+--------+--------+--------+-----+--------+
         Total |   3449 |   3339 |    110 |    247 |   2146 |   5 |  689.8 |
       Dungeon |   3449 |   3339 |    110 |    247 |   2146 |   5 |  689.8 |
               +--------+--------+--------+--------+--------+-----+--------+

Top non-repeatable levels by time:
     D:3: 1313 daAuts
     D:2: 1013 daAuts
     D:1: 578 daAuts
     D:4: 421 daAuts
     D:6: 122 daAuts
